 Dungeon Crawl Stone Soup version 0.22-a0-283-g1871b15 (webtiles) character file.

2250 nikopol the Thaumaturge (level 9, 0/47 HPs)
             Began as a Deep Elf Fire Elementalist on Mar 18, 2018.
             Was a Priest of Sif Muna.
             Slain by a two-headed ogre
             ... wielding a +0 giant club
              (18 damage)
             ... on level 8 of the Dungeon.
             The game lasted 00:23:44 (6282 turns).

nikopol the Thaumaturge (DEFE)                      Turns: 6282, Time: 00:23:45

Health: 0/47       AC:  4    Str:  8    XL:     9   Next: 15%
Magic:  6/24       EV: 13    Int: 24    God:    Sif Muna [***...]
Gold:   454        SH:  0    Dex: 15    Spells: 12/27 levels left

rFire    + . .     SeeInvis .   w - +8 dagger "Siomp" {pierce, rF+ MR+ Str+3}
rCold    . . .     Gourm    .   (no shield)
rNeg     . . .     Faith    .   a - +0 robe
rPois    .         Spirit   .   n - +0 helmet
rElec    .         Reflect  .   (no cloak)
rCorr    .         Harm     .   (no gloves)
MR       +....                  g - +0 pair of boots
Stlth    ++........             (no amulet)
HPRegen  0.15/turn              (no ring)
MPRegen  0.19/turn              (no ring)

@: very slightly contaminated
A: no striking features
a: Divine Energy, Channel Magic, Renounce Religion


You were on level 8 of the Dungeon.
You worshipped Sif Muna.
Sif Muna was most pleased with you.
You were hungry.

You visited 1 branch of the dungeon, and saw 8 of its levels.
You also visited: Sewer.

You collected 454 gold pieces.

Inventory:

Hand Weapons
 w - the +8 dagger "Siomp" (weapon) {pierce, rF+ MR+ Str+3}
   (You found it on level 4 of the Dungeon)

   It inflicts extra damage upon your enemies.
   It affects your strength (+3).
   It protects you from fire.
   It affects your resistance to hostile enchantments.
Armour
 a - a +0 robe (worn)
 g - a +0 pair of boots (worn)
 n - a +0 helmet (worn)
Jewellery
 y - an uncursed amulet of harm {unknown}
Wands
 h - a wand of paralysis (13)
 p - a wand of digging (9)
Scrolls
 d - 6 scrolls of teleportation
 e - 4 scrolls of identify
 k - 2 scrolls of immolation
 l - 3 scrolls of fear
 o - a scroll of remove curse
 v - a scroll of fog
 x - a scroll of amnesia
 z - a scroll of enchant weapon {unknown}
 B - a scroll of magic mapping {unknown}
Potions
 b - a potion of lignification {unknown}
 f - 4 potions of curing
 i - 3 potions of flight {unknown}
 j - a potion of mutation {unknown}
 m - a potion of degeneration {unknown}
 q - 2 potions of heal wounds {unknown}
 r - 2 potions of might {unknown}
 s - 2 potions of brilliance {unknown}
 t - a potion of resistance {unknown}
 u - a potion of agility {unknown}
Comestibles
 c - 13 rations


   Skills:
 + Level 1.3 Fighting
 + Level 3.1 Dodging
 + Level 3.5 Stealth
 + Level 9.5 Spellcasting
 + Level 7.5 Conjurations
 + Level 7.8 Fire Magic


You had 12 spell levels left.
You knew the following spells:

 Your Spells              Type           Power        Failure   Level  Hunger
a - Flame Tongue          Conj/Fire      #####        1%          1    None
b - Throw Flame           Conj/Fire      #####.       1%          2    None
c - Conjure Flame         Conj/Fire      #####...     1%          3    None
d - Sticky Flame          Conj/Fire      #####...     2%          4    #......
e - Fireball              Conj/Fire      #####.....   6%          5    ####...


Dungeon Overview and Level Annotations

Branches:
Dungeon (8/15)             Temple (0/1) D:6
   Lair: D:8-11

Altars:
Nemelex Xobeh
Okawaru
Qazlal
Sif Muna
Trog
Vehumet

Shops:
D:8 !


Message History

Aim: a two-headed ogre, wielding a giant club and a giant spiked club (flame, moderately wounded)
The sticky flame hits the two-headed ogre.
The two-headed ogre is moderately wounded.
The two-headed ogre is covered in liquid flames!
The two-headed ogre burns!
The two-headed ogre is engulfed in blazing flames.
The two-headed ogre closely misses you.
The two-headed ogre hits you with a giant spiked club!
Casting: Sticky Flame (safe; 2% risk of failure)
Confirm with . or Enter, or press ? or * to list all spells.
Aiming: Flame Tongue (safe; 1% risk of failure)
Press: ? - help, Shift-Dir - straight line, f/p - two-headed ogre
Aim: a two-headed ogre, wielding a giant club and a giant spiked club (flame, severely wounded, covered in liquid flames)
The flame tongue hits the two-headed ogre.
The two-headed ogre is severely wounded.
The two-headed ogre burns!
The two-headed ogre is engulfed in blazing flames.
The two-headed ogre hits you with a giant club!!
The two-headed ogre hits you with a giant spiked club!!
You die...

#........##....#
######.⌠.>....##.####
#.>...........##.#
.#.####.....⌠.....#
........<.......####
......##........##
#...#.##.#####...#
...#..#<# #...#
.......@# #...#
#.###.#O# #...######
#.......# #.........
####...######.(..####.
#.#.#..O....(.......
......................
.....#.#...............
###.#...####.#.........
#.##.# #.#....#####


You could see a two-headed ogre (burning).

Vanquished Creatures
  A hippogriff (D:7)
  A hungry ghost (D:7)
  An ice beast (D:7)
  2 sky beasts
  A necrophage (D:5)
  2 ogres
  A centaur (D:8)
  The ghost of nikopol the Firebug, an amateur DEFE (D:3)
  A big kobold (Sewer)
  3 bullfrogs
  A scorpion (D:6)
  5 wights (D:7)
  A howler monkey (D:6)
  An orc wizard (D:7)
  A gnoll shaman (D:7)
  2 jellies
  4 orc priests (D:6)
  4 hounds
  3 worker ants
  A killer bee zombie (D:8)
  5 adders
  7 gnolls
  3 river rats
  A shadow imp (D:5)
  3 worms
  A dart slug (D:2)
  9 leopard geckos
  10 orcs
  9 bats
  6 giant cockroaches
  11 goblins
  4 hobgoblins
  15 jackals
  9 kobolds
  5 quokkas
  5 frilled lizards
  A quokka zombie (D:6)
  9 rats
150 creatures vanquished.

Notes
Turn   | Place    | Note
-------+----------+-------------------------------------------
     0 | D:1      | nikopol the Deep Elf Fire Elementalist began the quest for the Orb.
     0 | D:1      | Reached XP level 1. HP: 10/10 MP: 6/6
   398 | D:1      | Reached XP level 2. HP: 15/15 MP: 6/8
   899 | D:2      | Reached XP level 3. HP: 13/19 MP: 3/9
  1414 | D:3      | Noticed nikopol's ghost (amateur DEFE)
  1422 | D:2      | Learned a level 2 spell: Throw Flame
  1426 | D:2      | Learned a level 3 spell: Conjure Flame
  1510 | D:2      | Reached XP level 4. HP: 17/24 MP: 0/11
  1870 | D:3      | Reached skill level 4 in Spellcasting
  1886 | D:3      | Killed nikopol's ghost
  1886 | D:3      | Reached skill level 1 in Fighting
  1886 | D:3      | Reached XP level 5. HP: 28/29 MP: 2/13
  2355 | D:4      | Noticed an ogre
  2369 | D:4      | Killed an ogre
  2369 | D:4      | Reached skill level 5 in Spellcasting
  2369 | D:4      | Reached XP level 6. HP: 34/34 MP: 5/15
  2375 | D:4      | Learned a level 4 spell: Sticky Flame
  2569 | D:4      | Got a brightly glowing dagger
  2570 | D:4      | Identified the +8 dagger "Siomp" {pierce, rF+ MR+ Str+3} (You found it on level 4 of the Dungeon)
  2591 | D:4      | Noticed a sky beast
  2598 | D:4      | Killed a sky beast
  2598 | D:4      | Reached skill level 5 in Fire Magic
  2756 | D:4      | Found an iron altar of Okawaru.
  2927 | D:5      | Entered Level 5 of the Dungeon
  3076 | D:5      | Found a stormy altar of Qazlal.
  3076 | D:5      | Found a sparkling altar of Nemelex Xobeh.
  3076 | D:5      | Found a bloodstained altar of Trog.
  3077 | D:5      | Found a deep blue altar of Sif Muna.
  3083 | D:5      | Became a worshipper of Sif Muna the Loreminder
  3138 | D:5      | Reached skill level 5 in Conjurations
  3182 | D:5      | Reached XP level 7. HP: 37/38 MP: 8/17
  3237 | D:5      | Found a radiant altar of Vehumet.
  3272 | D:5      | Found a glowing drain.
  3291 | Sewer    | Entered a sewer
  3540 | Sewer    | Found a glowing silver altar of Zin.
  3669 | D:5      | Reached skill level 6 in Spellcasting
  3898 | D:6      | Identified a scroll of acquirement
  3899 | D:6      | Got a transparent crystal amulet
  3900 | D:6      | Identified the amulet of Jamini {Harm *Drain +Blink Dex+2} (You acquired it on level 6 of the Dungeon)
  4056 | D:6      | Reached * piety under Sif Muna
  4359 | D:6      | Reached XP level 8. HP: 7/43 MP: 4/20
  4363 | D:6      | Reached skill level 7 in Spellcasting
  4875 | D:6      | Found a staircase to the Ecumenical Temple.
  4952 | D:7      | Noticed a hippogriff
  4962 | D:7      | Killed a hippogriff
  4962 | D:7      | Reached ** piety under Sif Muna
  5051 | D:7      | Learned a level 5 spell: Fireball
  5176 | D:7      | Reached skill level 8 in Spellcasting
  5769 | D:7      | Reached skill level 9 in Spellcasting
  5769 | D:7      | Reached XP level 9. HP: 47/47 MP: 15/24
  6005 | D:8      | Found Satuforch's Distillery.
  6105 | D:8      | Reached *** piety under Sif Muna
  6248 | D:8      | Noticed a two-headed ogre
  6282 | D:8      | Slain by a two-headed ogre

Vault maps used:
D:1:      minmay_arrival_shoal_huts, glass_columns_c
D:2:      grunt_decor_arrowhead
D:4:      kennysheep_okawaru_gauntlet, first_ration
D:5:      fiery_altar_vehumet, chequers_temple_overflow_statue_of_worship,
          cheibrodos_sewer_entry_sluice
D:6:      minmay_temple_entry_crystal_x, chequers_ossuary_entry_cave
D:8:      serial_shops, shop, the_bakery, grunt_ministairs_1
Sewer:    sewer_kobolds

Skill      XL: |  1  2  3  4  5  6  7  8 |
---------------+-------------------------+-----
Fire Magic     | 4 5 6 7 |  7.8
Conjurations   | 2 3 5 6 7 |  7.5
Spellcasting   | 4 5 6 9 |  9.5
Fighting       | 1 |  1.3
Stealth        | 3 |  3.5
Dodging        | 3 |  3.1

Action                   |  1- 3 |  4- 6 |  7- 9 || total
-------------------------+-------+-------+-------++-------
 Cast: Flame Tongue      |    80 |    63 |   165 ||   308
       Conjure Flame     |       |     3 |     7 ||    10
       Throw Flame       |       |     4 |    14 ||    18
       Sticky Flame      |       |     1 |    10 ||    11
       Fireball          |       |       |     4 ||     4
  Use: Scroll            |       |     8 |     1 ||     9
  Eat: Chunk             |     1 |     5 |    12 ||    18
Armor: Robe              |    11 |     6 |     5 ||    22
Dodge: Dodged            |    18 |    12 |    24 ||    54

Table legend:
 A = Spawn XP
 B = Non-spawn XP
 C = Spawn XP percentage of total XP
 D = Spawn monster count
 E = Non-spawn monster count
 F = Spawn count percentage of total count
 G = Total turns spent on level
                    A         B        C        D         E        F      G
               +---------+---------+-------+---------+---------+-------+---------
         Total |       0 |    3215 |   0.0 |       0 |     150 |   0.0 |  6282
               +---------+---------+-------+---------+---------+-------+---------
           D:1 |       0 |      16 |   0.0 |       0 |      11 |   0.0 |   786
           D:2 |       0 |      72 |   0.0 |       0 |      27 |   0.0 |   761
           D:3 |       0 |     168 |   0.0 |       0 |      18 |   0.0 |   717
           D:4 |       0 |     354 |   0.0 |       0 |      18 |   0.0 |   687
           D:5 |       0 |     317 |   0.0 |       0 |      10 |   0.0 |   651
           D:6 |       0 |     672 |   0.0 |       0 |      24 |   0.0 |  1022
           D:7 |       0 |    1196 |   0.0 |       0 |      22 |   0.0 |  1012
           D:8 |       0 |     302 |   0.0 |       0 |      10 |   0.0 |   351
         Sewer |       0 |     118 |   0.0 |       0 |      10 |   0.0 |   295
               +---------+---------+-------+---------+---------+-------+---------
